 Dungeon Crawl Stone Soup version 0.28.0-43-g3370ac3207 (webtiles) character file.

Game seed: 5114244102565412979

114 pkoi the Conjurer (level 4, 0/24 HPs)
             Began as a Deep Elf Conjurer on Mar 29, 2022.
             Slain by an orc wizard
             ... wielding a +0 dagger
              (4 damage)
             ... on level 3 of the Dungeon.
             The game lasted 00:03:36 (2562 turns).

pkoi the Conjurer (Deep Elf Conjurer)               Turns: 2562, Time: 00:03:37

Health: 0/24       AC:  3    Str:  4    XL:     4   Next: 67%
Magic:  4/12       EV: 12    Int: 25    God:
Gold:   193        SH:  0    Dex: 13    Spells: 0/11 levels left

rFire   . . .      SeeInvis .   i - +0 whip
rCold   . . .      Faith    .   (no shield)
rNeg    . . .      Spirit   .   a - +0 robe
rPois   .          Reflect  .   (no helmet)
rElec   .          Harm     .   e - +0 cloak
rCorr   .          Rampage  .   (no gloves)
Will    +....                   (no boots)
Stlth   ++........              (no amulet)
HPRegen 0.08/turn               c - ring of willpower
MPRegen 0.13/turn               (no ring)

@: no status effects
A: no striking features
a: no special abilities


You were on level 3 of the Dungeon.
You visited 1 branch of the dungeon, and saw 4 of its levels.

You collected 193 gold pieces.

Inventory:

Hand Weapons
 i - a +0 whip (weapon)
Missiles
 g - 2 silver javelins
Armour
 a - a +0 robe (worn)
 e - a +0 cloak (worn)
Jewellery
 c - a ring of willpower (left hand)
 o - a ring of protection from cold
Wands
 k - a wand of digging (2)
Scrolls
 d - 2 scrolls of fog {unknown}
 f - a scroll of teleportation {unknown}
 j - a scroll of enchant armour {unknown}
 l - a scroll of enchant weapon {unknown}
 n - a scroll of amnesia {unknown}
Potions
 b - 3 potions of curing {unknown}
 h - 2 potions of flight {unknown}
 m - a potion of berserk rage {unknown}
 p - a potion of invisibility {unknown}


   Skills:
 - Level 2.4 Dodging
 - Level 2.4 Stealth
 + Level 4.4 Spellcasting
 * Level 5.9 Conjurations
 + Level 0.9 Translocations


You couldn't memorise any spells.
You knew the following spells:

 Your Spells              Type           Power      Damage    Failure   Level
a - Magic Dart            Conj           100%       1d8       1%          1
b - Searing Ray           Conj           70%        2d7       1%          2
c - Iskenderun's Mystic   Conj/Tloc      22%        2d6       22%         4
d - Fulminant Prism       Conj/Hex       10%        3d9       26%         4

Your spell library contained the following spells:

 Spells                   Type           Power      Damage    Failure   Level
 Shock                    Conj/Air       80%        1d8       2%          1
 Dazzling Flash           Conj/Hex       40%        N/A       8%          3
 Swiftness                Air            5%         N/A       26%         3
 Airstrike                Air            2%         N/A       65%         4


Dungeon Overview and Level Annotations

Branches:
Dungeon (4/15)
 Temple: D:4-7

Altars:
Lugonu

Shops:
D:1 :

Portals:
Abyss: D:3

Annotations:
D:3 2 runed translucent doors, GilGalad's ghost, amateur GnIE; Grinder


Message History

The orc is almost dead.
The magic dart hits the orc!
You kill the orc!
The magic dart hits the orc wizard but does no damage.
The orc wizard mumbles some strange words.
The orc wizard flickers and vanishes!
Deactivating autopickup; reactivate with Ctrl-A.
The magic dart hits the orc.
The orc is lightly wounded.
The magic dart hits the orc!
You kill the orc!
Something hits you. Something hits you.
* * * LOW HITPOINT WARNING * * *
You climb upwards.
Level annotation: 2 runed translucent doors, GilGalad's ghost, amateur GnIE; Grinder Reactivating autopickup.
There is a stone staircase leading down here.
You hear some strange, mumbled words.
A puff of flame appears from out of thin air!
Deactivating autopickup; reactivate with Ctrl-A.
The puff of flame hits you!
* * * LOW HITPOINT WARNING * * *
There is a stone staircase leading up here.
Casting: Magic Dart (safe; 1% risk of failure)
Confirm with . or Enter, or press ? or * to list all spells.
Aiming: Searing Ray (safe; 1% risk of failure)
Press: ? - help, Shift-Dir - straight line, f - you The searing ray hits something! (Press . to maintain the ray.) Unknown command.
The searing ray hits something.
You hear some strange, mumbled words.
A puff of flame appears from out of thin air!
The puff of flame hits you!
* * * LOW HITPOINT WARNING * * *
You finish channelling your searing ray.
Something hits you but does no damage. Something hits you.
You die...

#. ###....#..# #######
#.#####......##.## #.§##
#.##.....##......## #≈#§≈#
#.##.....#####....#### #..8.#
#.##.....###.........# .).≈≈+
#.##.........###.##########≈.#.+
#.#.......######.........#.≈...#
#..##.##.#.####....#########..≈#
##(##.#...##.>.{@.......# #.##≈#
#...#.§...###.###.......# ## ###
..##.#∩.#..###.##.......########.
...##.##_#....#..................
######.###.#.#..........##.......
###...#...#.#.###########......
#.####...###..# #......
#.##..#.##...# #......
##.#.#.##...## #######


There were no monsters in sight!

Vanquished Creatures
  Terence (D:2)
  2 adders (D:2)
  A worm (D:2)
  3 dart slugs
  2 orcs (D:4)
  9 ball pythons
  4 endoplasms
  2 giant cockroaches
  7 hobgoblins
  3 jackals (D:2)
  5 kobolds
  4 bats
  3 frilled lizards (D:1)
  7 goblins
  5 rats
  A lurking horror (D:3)
59 creatures vanquished.

Vanquished Creatures (others)
  5 toadstools (D:1)
5 creatures vanquished.

Grand Total: 64 creatures vanquished

Notes
Turn   | Place    | Note
-------+----------+-------------------------------------------
     0 | D:1      | pkoi the Deep Elf Conjurer began the quest for the Orb.
     0 | D:1      | Reached XP level 1. HP: 10/10 MP: 6/6
   229 | D:1      | Reached XP level 2. HP: 15/15 MP: 6/8
   405 | D:1      | Found a faded altar of an unknown god.
   464 | D:1      | Reached skill level 5 in Conjurations
   598 | D:1      | Learned a level 2 spell: Searing Ray
   735 | D:1      | Found Johopneot's Book Shop.
   770 | D:1      | Reached XP level 3. HP: 19/19 MP: 7/10
  1005 | D:2      | Noticed Terence
  1179 | D:2      | Killed Terence
  1180 | D:2      | Reached XP level 4. HP: 19/24 MP: 3/12
  1350 | D:1      | Learned a level 4 spell: Iskenderun's Mystic Blast
  2124 | D:3      | Found a one-way gate to the infinite horrors of the Abyss.
  2132 | D:3      | Learned a level 4 spell: Fulminant Prism
  2267 | D:3      | Found a corrupted altar of Lugonu.
  2314 | D:3      | Noticed Grinder
  2442 | D:3      | Found a large runed translucent door.
  2442 | D:3      | Found a large runed translucent door.
  2443 | D:3      | Noticed GilGalad's ghost (amateur GnIE)
  2562 | D:3      | Slain by an orc wizard

Illustrated notes

Levels and vault maps discovered:
D:1:      dpeg_arrival_rooms_with_view, layout_basic,
          ebering_ecumenical_altar_abandoned, serial_shops, nicolae_shop_trees,
          minmay_gold_behind_fungi, minmay_pentomino_o4
D:2:      layout_rooms, hangedman_abyss_or_decor_lesser_grid, uniq_terence
D:3:      layout_rooms, ebering_ghost_disaster_area, serial_shops,
          nicolae_shop_behind_doors, chequers_serial_rivers_large_a,
          amcnicky_altar_lugonu_corruption, uniq_grinder
D:4:      layout_rooms, serial_bayou_pond_a, minmay_door_square,
          small_statue_intersection, palyth_stone_intersect, uniq_blork_the_orc

Skill      XL: |  1  2  3 |
---------------+----------+-----
Conjurations   | 5 |  5.9
Spellcasting   | 4 |  4.4
Dodging        | |  2.4
Stealth        | |  2.4
Translocations | |  0.9

Action                   |  1- 3 |  4- 6 || total
-------------------------+-------+-------++-------
Melee: Whip              |     1 |       ||     1
 Cast: Magic Dart        |    61 |    55 ||   116
       Searing Ray       |     1 |     1 ||     2
Armor: Robe              |       |     2 ||     2
Dodge: Dodged            |     8 |     3 ||    11
